 Dungeon Crawl Stone Soup version 0.30.0-10-gfe55d96785 (webtiles) character file.

Game seed: 9642352103875491719

25857 Pimp the Fighter (level 12, -3/87 HPs)
             Began as a Demonspawn Hunter on May 15, 2023.
             Was an Elder of Hepliaklqana.
             Slain by an orc knight
             ... wielding a +2 vampiric glaive
              (14 damage)
             ... on level 2 of the Orcish Mines.
             The game lasted 00:57:11 (13359 turns).

Pimp the Fighter (Demonspawn Hunter)               Turns: 13359, Time: 00:57:12

Health: -3/87      AC: 23    Str: 17    XL:     12   Next: 93%
Magic:  20/20      EV: 17    Int: 13    God:    Hepliaklqana [****..]
Gold:   1066       SH:  4    Dex: 18    Spells: 11/22 levels left

rFire   . . .        B - +1 long sword (protect)
rCold   + . .        (no shield)
rNeg    . . .        x - +0 steam dragon scales
rPois   .            (helmet restricted)
rElec   +            j - +2 cloak
rCorr   .            (no gloves)
SInv    .            e - +1 pair of boots
Will    .....        g - amulet of regeneration
Stlth   ++++         b - ring of the Assorted Beggars {rElec Str+4 Slay+4}
HPRegen 2.14/turn    y - ring of protection from cold
MPRegen 0.17/turn

%: no passive effects
@: mighty, sanguine armoured, studying Transmutations
A: reduced essence, antennae 2, foul stench 1, powered by death 1, sanguine
armour 3, large bone plates 1, shaggy fur 1
a: Renounce Religion, Recall Ancestor, Ancestor Identity, Transference, Idealise


You were on level 2 of the Orcish Mines.
You worshipped Hepliaklqana.
Hepliaklqana was greatly pleased with you.
You visited 3 branches of the dungeon, and saw 16 of its levels.
You visited the Abyss 1 time.
You also visited: Ossuary and Bailey.

You collected 1461 gold pieces.
You spent 395 gold pieces at shops.

Inventory:

Hand Weapons
 a - a +7 shortbow
 k - a +1 heavy trident
 B - a +1 long sword of protection (weapon)
 O - a +0 arbalest
Armour
 c - a +0 leather armour
 e - a +1 pair of boots (worn)
 h - an orb of mayhem
 j - a +2 cloak (worn)
 x - +0 steam dragon scales (worn)
 G - the +10 tower shield of Ignorance {rN+ Int-4}
   (You found it in a bailey)

   Int:       It affects your intelligence (-4).
   rN:        It protects you from negative energy.
Jewellery
 b - the ring of the Assorted Beggars (left hand) {rElec Str+4 Slay+4}
   (You found it on level 12 of the Dungeon)

   [ring of slaying]

   Str:       It affects your strength (+4).
   Slay:      It affects your accuracy & damage with ranged weapons and melee
   (+4).
   rElec:     It insulates you from electricity.
 g - an amulet of regeneration (around neck)
 m - a +6 ring of strength
 r - a ring of wizardry
 y - a ring of protection from cold (right hand)
 C - an amulet of guardian spirit
Wands
 o - a wand of mindburst (11)
 v - a wand of acid (4) (quivered)
 z - a wand of digging (1)
 I - a wand of iceblast (5)
 J - a wand of paralysis (5)
Scrolls
 l - 5 scrolls of amnesia
 p - 2 scrolls of fog
 D - 4 scrolls of poison
 E - 3 scrolls of identify
Potions
 d - 2 potions of curing
 f - 2 potions of flight
 i - 2 potions of brilliance
 n - 5 potions of lignification
 q - 2 potions of magic
 t - 2 potions of ambrosia
 u - 3 potions of attraction
 F - 4 potions of mutation
 L - a potion of degeneration
 M - a potion of cancellation
Miscellaneous
 H - a tin of tremorstones (2/2)


   Skills:
 + Level 9.7 Fighting
 + Level 5.7 Long Blades
 + Level 9.5 Ranged Weapons
 + Level 8.9 Dodging
 - Level 9.4 Stealth
 + Level 5.8 Spellcasting
 + Level 2.0 Necromancy
 - Level 4.3 Transmutations
 + Level 5.7 Ice Magic


You had 11 spell levels left.
You knew the following spells:

 Your Spells              Type           Power      Damage    Failure   Level
a - Metabolic Englaciati  Hex/Ice        5%         N/A       83%         5
b - Simulacrum            Ice/Necr       6%         N/A       99%         6

Your spell library contained the following spells:

 Spells                   Type           Power      Damage    Failure   Level
 Freeze                   Ice            72%        1d8       1%          1
 Frozen Ramparts          Ice            36%        1d6       4%          3
 Ozocubu's Armour         Ice            18%        N/A       4%          3
 Hailstorm                Conj/Ice       11%        3d5       16%         3
 Poisonous Vapours        Pois/Air       6%         N/A       26%         2
 Dazzling Flash           Conj/Hex       6%         N/A       45%         3
 Mephitic Cloud           Conj/Pois/Air  3%         N/A       45%         3
 Vhi's Electric Charge    Tloc/Air       6%         N/A       45%         3
 Volatile Blastmotes      Fire/Tloc      6%         2d10      45%         3
 Iskenderun's Mystic Bla  Conj/Tloc      3%         2d3       86%         4
 Freezing Cloud           Conj/Ice/Air   4%         6-21      91%         5
 Arcjolt                  Conj/Air       1%         1d11      99%         5
 Starburst                Conj/Fire      1%         6d3       100%        6
 Maxwell's Capacitive Co  Air            1%         ∞         100%        8


Dungeon Overview and Level Annotations

Branches:
Dungeon (13/15)            Temple (1/1) D:7            Lair (0/5) D:11
    Orc (2/2) D:11            Elf (0/3) Orc:2       Ossuary (visited)
 Bailey (visited)
 Vaults: D:13-14

Altars:
Ashenzari
Cheibriados
Dithmenos
Fedhas
Gozag
Hepliaklqana
Kikubaaqudgha
Makhleb
Nemelex Xobeh
Okawaru
Qazlal
Ru
Sif Muna
Trog
Uskayaw
Vehumet
Wu Jian
Xom
Yredelemnul

Shops:
D:2 !   D:5 [   Orc:2 *?([

Annotations:
Orc:1 thromnambular's ghost, journeyman OgGl


Innate Abilities, Weirdness & Mutations

Your life essence is reduced to manifest your ancestor. (-10% HP)
You have a pair of antennae on your head.
You may rarely emit foul miasma when damaged in melee.
You regenerate a little health from kills.
When seriously injured, your blood forms very thick armour. (AC +12)
You are partially covered in large bone plates. (SH +4)
You are covered in fur. (AC +1)


Message History

The orc warrior hits you but does no damage.
The orc knight is engulfed in dark miasma.
The orc knight looks as sick as possible!
The orc knight shoots a bolt.
Reactivating autopickup.
You feel better.
The orc knight roars a battlecry!
The orc knight goes into a battle-frenzy!
The orc warrior closely misses you.
Aiming: Corrosive Bolt
Press: ? - help, Q - select action, (/) - cycle Shift-Dir - straight line, f/p - orc knight
Aim: an orc knight, wielding a +2 vampiric glaive and wearing a +0 chain mail (lightly wounded, strong, covered in acid, 68% to hit)
The bolt of acid hits the orc knight.
The acid corrodes the orc knight!
The orc knight is severely wounded.
The bolt of acid hits the orc knight!
The orc knight seems to be corroded for longer.
The orc knight is moderately wounded.
The orc knight hits you from afar with a +2 vampiric glaive.
The orc closely misses you.
The orc knight unwields a +0 arbalest.
The orc knight wields a +0 great sword.
The orc knight hits you with a +0 great sword!
* * * LOW HITPOINT WARNING * * *
Aiming: Corrosive Bolt
Press: ? - help, Q - select action, (/) - cycle Shift-Dir - straight line, f/p - orc knight
Aim: an orc knight, wielding a +2 vampiric glaive and wearing a +0 chain mail (moderately wounded, strong, covered in acid, 68% to hit)
The bolt of acid hits the orc knight!
The orc knight is almost dead.
The bolt of acid hits the orc knight!
The orc knight seems to be corroded for longer.
The orc knight is heavily wounded.
The orc knight hits you from afar with a +2 vampiric glaive!!
* * * LOW HITPOINT WARNING * * *
The orc knight draws strength from your wounds!
The orc barely misses you.
The orc warrior hits you from afar with a +0 halberd.
* * * LOW HITPOINT WARNING * * *
You feel better.
The orc warrior is no longer covered in acid.
The orc knight hits you from afar with a +2 vampiric glaive!
You die...

### #.# ##.######## ##### ###
########.o##..##@###.#.#####.####
.).......[...)oooo#..<..#.#...#.#
#.8....)........8.o..............
..######o''######.............#.#
#.#.o...........#.............###
###..oo#####....#..............#.
#.###o....###.#................
#.#8#..8..#8#.##...............
#.............#................


You could see 3 orc knights, an orc warrior (strong) and an orc (strong).

Vanquished Creatures
  A slime creature (D:12)
  2 two-headed ogres
  3 orc knights (Orc:1)
  A deep elf pyromancer (D:13)
  8 orc sorcerers (Orc:2)
  2 cyclopes
  Maggie (D:7)
  A gargoyle (D:11)
  A yaktaur (D:13)
  2 komodo dragons
  A hornet (D:9)
  A small abomination (Abyss:2)
  4 yaks
  2 wyverns
  2 wraiths
  A basilisk (D:11)
  7 vampire mosquitoes
  13 wargs
  2 water moccasins (D:7)
  Duvessa (D:7)
  A swamp drake (D:11)
  20 orc warriors
  3 ice beasts
  A black bear (D:5)
  2 ogres
  3 centaurs
  3 wolves (Orc:1)
  A phantom (D:6)
  4 kobold brigands
  4 bullfrogs
  A gnoll sergeant (D:8)
  11 scorpions
  3 wights (D:10)
  Dowan (D:7)
  2 howler monkeys
  A centaur zombie (Ossuary)
  2 human zombies (Ossuary)
  8 orc priests
  A hound (D:5)
  2 gnoll boudas
  2 iguanas
  29 orc wizards
  3 scorpion zombies (Ossuary)
  A sleepcap (D:5)
  3 mummies (Ossuary)
  14 gnolls
  5 adders
  2 ufetubi
  2 dart slugs (D:1)
  100 orcs
  7 ball pythons
  2 bats
  7 endoplasms
  2 giant cockroaches
  3 gnoll zombies (Ossuary)
  11 goblins
  13 hobgoblins
  5 jackals
  7 quokkas
  4 frilled lizards
  2 goblin zombies (Ossuary)
  3 hobgoblin zombies (Ossuary)
  21 kobolds
  2 kobold zombies (Ossuary)
  2 orc zombies (Ossuary)
  2 rats (D:1)
384 creatures vanquished.

Vanquished Creatures (collateral kills)
  A hydra (D:10)
  A two-headed ogre (D:10)
  An orc sorcerer (Orc:1)
  A cyclops (D:10)
  2 unseen horrors
  2 komodo dragons (D:11)
  2 trolls
  2 yaks (D:11)
  2 vampires
  A wyvern (D:11)
  A basilisk (D:11)
  2 shadows (D:11)
  4 vampire mosquitoes
  3 wargs (Orc:2)
  5 orc warriors
  An ogre (Orc:2)
  2 wights (D:10)
  An orc priest (Orc:1)
  7 orc wizards
  A gnoll (D:9)
  18 orcs
  A goblin (Orc:1)
  A kobold (D:9)
62 creatures vanquished.

Vanquished Creatures (others)
  4 ancestors
  14 knights
  An orc wizard (Orc:2)
  An endoplasm (D:4)
  A giant cockroach (D:4)
21 creatures vanquished.

Grand Total: 467 creatures vanquished

Notes
Turn   | Place    | Note
-------+----------+-------------------------------------------
     0 | D:1      | Pimp the Demonspawn Hunter began the quest for the Orb.
     0 | D:1      | Reached XP level 1. HP: 16/16 MP: 1/1
    36 | D:1      | Reached skill level 1 in Stealth
    75 | D:1      | Gained mutation: When seriously injured, your blood forms
                  | armour. (AC +12) [demonic ancestry]
    75 | D:1      | Reached XP level 2. HP: 22/22 MP: 2/2
   640 | D:1      | Reached XP level 3. HP: 28/28 MP: 3/3
   908 | D:2      | Found Jeoruqa's Distillery.
   912 | D:2      | Found a shimmering altar of Xom.
  1109 | D:3      | Gained mutation: When seriously injured, your blood forms
                  | thick armour. (AC +12) [demonic ancestry]
  1109 | D:3      | Reached XP level 4. HP: 31/34 MP: 4/4
  1136 | D:3      | Found a stormy altar of Qazlal.
  1165 | D:3      | Found an ancient bone altar of Kikubaaqudgha.
  1648 | D:3      | Gained mutation: You are partially covered in large bone
                  | plates. (SH +4) [potion of mutation]
  1648 | D:3      | Gained mutation: You have a pair of small horns on your
                  | head. [potion of mutation]
  1648 | D:3      | Gained mutation: You are covered in fur. (AC +1) [potion of
                  | mutation]
  1659 | D:3      | Reached XP level 5. HP: 22/41 MP: 5/5
  1719 | D:4      | Noticed an ogre
  2469 | D:5      | Entered Level 5 of the Dungeon
  2675 | D:5      | Found Xiusivvoa's Antique Armour Shoppe.
  2737 | D:5      | Noticed an ogre
  2744 | D:5      | Killed an ogre
  2745 | D:5      | Lost mutation: You have a pair of small horns on your head.
                  | [demonic ancestry]
  2745 | D:5      | Gained mutation: You have a pair of small antennae on your
                  | head. [demonic ancestry]
  2745 | D:5      | Reached XP level 6. HP: 48/48 MP: 6/6
  3308 | D:6      | Found a sand-covered staircase.
  3312 | Ossuary  | Entered an ossuary
  3346 | Ossuary  | Reached skill level 5 in Ranged Weapons
  3346 | Ossuary  | Gained mutation: You regenerate a little health from kills.
                  | [demonic ancestry]
  3346 | Ossuary  | Reached XP level 7. HP: 53/54 MP: 7/7
  3620 | Ossuary  | Reached skill level 5 in Fighting
  3629 | Ossuary  | Reached XP level 8. HP: 58/62 MP: 8/8
  3912 | D:6      | Noticed a cyclops
  3926 | D:6      | Killed a cyclops
  3927 | D:6      | Reached skill level 5 in Dodging
  3927 | D:6      | Reached skill level 5 in Stealth
  4598 | D:7      | Reached XP level 9. HP: 38/69 MP: 9/9
  4671 | D:7      | Reached skill level 1 in Transmutations
  4932 | D:7      | Noticed Dowan
  4934 | D:7      | Noticed Maggie
  4934 | D:7      | Noticed Duvessa
  4935 | D:7      | Killed Dowan
  4947 | D:7      | Killed Duvessa
  5115 | D:7      | Killed Maggie
  5176 | D:7      | Found a staircase to the Ecumenical Temple.
  5184 | Temple   | Entered the Ecumenical Temple
  5309 | Temple   | Became a worshipper of Hepliaklqana the Forgotten
  6086 | D:8      | Learned a level 5 spell: Metabolic Englaciation
  6206 | D:8      | Reached * piety under Hepliaklqana
  6417 | D:8      | Gained mutation: When seriously injured, your blood forms
                  | very thick armour. (AC +12) [demonic ancestry]
  6417 | D:8      | Reached XP level 10. HP: 71/71 MP: 9/11
  6674 | D:9      | Found a flagged portal.
  6684 | Bailey   | Entered a bailey
  6802 | Bailey   | Reached skill level 1 in Spellcasting
  6802 | Bailey   | Reached skill level 1 in Ice Magic
  6847 | Bailey   | Reached skill level 1 in Long Blades
  6946 | Bailey   | Found the +10 tower shield of Ignorance {rN+ Int-4}
  7392 | D:9      | Found an opulent altar of Gozag.
  7416 | D:9      | Reached ** piety under Hepliaklqana
  7417 | D:9      | Remembered your ancestor Gibbon as a knight
  7770 | D:10     | Entered Level 10 of the Dungeon
  7773 | D:10     | Noticed a cyclops
  7778 | D:10     | Killed a cyclops
  7909 | D:10     | Found a transporter.
  8015 | D:10     | Noticed a two-headed ogre
  8022 | D:10     | Killed a two-headed ogre
  8126 | D:10     | Noticed a six-headed hydra
  8133 | D:10     | Killed a six-headed hydra
  8236 | D:10     | Gained mutation: You have a pair of antennae on your head.
                  | [demonic ancestry]
  8236 | D:10     | Reached XP level 11. HP: 77/77 MP: 15/15
  8267 | D:10     | Found a transporter.
  9174 | D:11     | Noticed a two-headed ogre
  9189 | D:11     | Killed a two-headed ogre
  9450 | D:11     | Found a staircase to the Orcish Mines.
  9600 | D:11     | Found a staircase to the Lair.
 10039 | D:12     | HP: 3/78 [large slime creature (26)]
 10197 | D:12     | Reached *** piety under Hepliaklqana
 10286 | D:12     | Identified the ring of the Assorted Beggars {rElec Str+4
                  | Slay+4}
 10543 | D:12     | Noticed a two-headed ogre
 10548 | D:12     | Killed a two-headed ogre
 10854 | D:13     | Gained mutation: You may rarely emit foul miasma when
                  | damaged in melee. [demonic ancestry]
 10854 | D:13     | Reached XP level 12. HP: 84/84 MP: 18/18
 10898 | D:13     | Noticed a five-headed hydra
 11075 | Orc:1    | Entered Level 1 of the Orcish Mines
 11177 | Orc:2    | Entered Level 2 of the Orcish Mines
 11182 | Orc:2    | Found a runed translucent gate.
 11183 | Orc:2    | Found a runed translucent gate.
 11184 | Orc:2    | Found a runed translucent gate.
 11186 | Orc:2    | Noticed thromnambular's ghost (journeyman OgGl)
 11194 | Orc:2    | Found the +3 pair of seven-league boots {Rampage+∞}
 11331 | Orc:2    | Reached skill level 5 in Spellcasting
 11351 | Orc:2    | Paralysed by an orc sorcerer for 5 turns
 11362 | Orc:2    | Reached skill level 5 in Long Blades
 11362 | Orc:2    | Reached skill level 5 in Ice Magic
 11531 | Orc:2    | Found Vieble's Weapon Shop.
 11531 | Orc:2    | Found Buevirch's Armour Shoppe.
 11632 | Orc:2    | Found a staircase to the Elven Halls.
 11737 | Orc:2    | Reached **** piety under Hepliaklqana
 11986 | Orc:2    | Found Sistiv's Assorted Antiques.
 11986 | Orc:2    | Found Qehieh's Magic Scroll Shoppe.
 11992 | Orc:2    | Bought a wizard robe for 131 gold pieces
 11992 | Orc:2    | Identified the +5 robe of Ipesia {-Cast Rampage Will+} (You
                  | bought it in a shop on level 2 of the Orcish Mines)
 11992 | Orc:2    | Bought an arbalest for 103 gold pieces
 12003 | Orc:2    | Bought a scroll of summoning for 161 gold pieces
 12385 | Orc:2    | Learned a level 6 spell: Simulacrum
 12648 | Orc:1    | Reached skill level 1 in Necromancy
 13060 | Abyss:2  | Cast into level 2 of the Abyss (thromnambular's ghost)
 13168 | Abyss:2  | Noticed an ironbound thunderhulk
 13169 | Abyss:2  | Noticed a green very ugly thing
 13176 | Abyss:2  | Noticed a brown very ugly thing
 13178 | Abyss:2  | Noticed a green very ugly thing
 13179 | Abyss:2  | Noticed a cyan very ugly thing
 13179 | Abyss:2  | Noticed an ironbound thunderhulk
 13189 | Abyss:2  | Found a transporter.
 13190 | Abyss:2  | Noticed an ironbound thunderhulk
 13191 | Abyss:2  | Noticed a tentacled starspawn
 13191 | Abyss:2  | Noticed a tentacled starspawn
 13193 | Abyss:2  | Noticed a cyan very ugly thing
 13194 | Abyss:2  | Noticed an ironbound thunderhulk
 13196 | Abyss:2  | Noticed a tentacled starspawn
 13200 | Abyss:2  | Noticed a red very ugly thing
 13200 | Abyss:2  | Noticed a green very ugly thing
 13200 | Abyss:2  | Noticed an ironbound thunderhulk
 13211 | Abyss:2  | Noticed a tentacled starspawn
 13225 | Abyss:2  | Found a corrupted altar of Lugonu.
 13292 | Orc:2    | Escaped the Abyss
 13358 | Orc:2    | HP: 2/87 [orc warrior/+0 halberd (6)]
 13359 | Orc:2    | Slain by an orc knight

Illustrated notes

Levels and vault maps discovered:
D:1:      mainiacjoe_arrival_reflecting_pool, layout_basic
D:2:      layout_rooms, serial_shops, shop, basic_altar
D:3:      layout_basic, mainiacjoe_overflow_alcove_1,
          nicolae_qazlal_general_emergency, minmay_misc_feat_four_crosses
D:4:      layout_loops_cross, elyvilon_altar_4, nicolae_underground_beach
D:5:      layout_gridville, serial_shops, nicolae_shop_dealshenge,
          kennysheep_cluttered_room
D:6:      layout_loops_ring, nicolae_tso_carved_into_rock, enter_ossuary_5,
          minmay_manual_mess
D:7:      layout_loops_ring, minmay_temple_entry_glassed_door, grunt_decor_cap,
          grunt_decor_resistance, uniq_duvessa, uniq_maggie
D:8:      layout_loops_ring
D:9:      layout_long_grid, nicolae_gozag_seed_capital, enter_bailey_3,
          nicolae_wwwww, nzn_life_drinkers
D:10:     layout_gridville, special_room [special_room_orc],
          hangedman_abyss_or_decor_stabs, nicolae_diode_stairs
D:11:     layout_irregular_city, erik_lair_dragon, david_orc_4
D:12:     layout_basic
D:13:     layout_rooms, grunt_vaults_entry_tiered, minmay_bent
Temple:   minmay_crystal_spiral_temple
Orc:1:    layout_caves, mines5_lemuel
Orc:2:    st_orc_town, layout_caves, biasface_ghost_orc_armoury, basic_altar

Skill      XL: |  1  2  3  4  5  6  7  8  9 10 11 12 |
---------------+-------------------------------------+-----
Stealth        | 1 2 3 4 5 6 7 8 9 |  9.4
Dodging        | 2 3 4 5 6 7 8 |  8.9
Ranged Weapons | 4 5 6 7 8 9 |  9.5
Fighting       | 3 4 5 6 7 8 9 |  9.7
Transmutations | 4 |  4.3
Spellcasting   | 3 4 5 |  5.8
Ice Magic      | 2 4 5 |  5.7
Long Blades    | 3 4 5 |  5.7
Necromancy     | 2 |  2.0

Action                     |  1- 3 |  4- 6 |  7- 9 | 10-12 || total
---------------------------+-------+-------+-------+-------++-------
  Melee: Trident           |       |       |     1 |     4 ||     5
         Long sword        |       |       |       |   119 ||   119
         Punch             |       |       |       |     3 ||     3
   Fire: Shortbow          |   110 |   165 |   339 |   767 ||  1381
 Invoke: Ancestor Identity |       |       |     1 |       ||     1
         Ancestor Life: Kn |       |       |       |     1 ||     1
  Evoke: Wand              |       |       |       |    11 ||    11
    Use: Potion            |       |     3 |     4 |     9 ||    16
         Scroll            |       |    13 |    12 |    16 ||    41
 Armour: Leather armour    |    13 |    30 |    54 |       ||    97
         Steam dragon scal |       |       |     5 |   121 ||   126
  Dodge: Dodged            |    19 |    75 |   124 |   309 ||   527
  Block: Other             |       |    14 |    35 |    74 ||   123
